 Dungeon Crawl Stone Soup version 0.30-a0-40-gc6d0f036a7 (webtiles) character file.

Game seed: 15994393032459236621

392 ytrimaz the Stinger (level 6, -2/38 HPs)
             Began as an Octopode Transmuter on Aug 29, 2022.
             Slain by an iguana (12 damage)
             ... on level 5 of the Dungeon.
             The game lasted 00:04:05 (5620 turns).

ytrimaz the Stinger (Octopode Transmuter)           Turns: 5620, Time: 00:04:05

Health: -2/38      AC:  2    Str:  9    XL:     6   Next: 81%
Magic:  6/11       EV: 20    Int: 18    God:
Gold:   1149       SH:  0    Dex: 17    Spells: 2/11 levels left

rFire   . . .      SeeInvis .      - Unarmed
rCold   . . .      Faith    .    (shield currently unavailable)
rNeg    . . .      Spirit   .    (helmet currently unavailable)
rPois   x          Reflect  .    (no amulet)
rElec   .          Harm     .    l - ring of willpower
rCorr   .          Rampage  .    (no ring)
Will    +....                    (no ring)
Stlth   ++........               (no ring)
HPRegen 0.12/turn                (no ring)
MPRegen 0.12/turn                (no ring)
                                 (no ring)
                                 (no ring)

@: spider-form
A: venomous fangs, almost no armour, (amphibious), 8 rings, tiny, (camouflage
1), (gelatinous body 1), (nimble swimmer 1), (tentacles)
a: End Transformation


You were on level 5 of the Dungeon.
You were a venomous arachnid creature.
You visited 1 branch of the dungeon, and saw 5 of its levels.

You collected 1149 gold pieces.

Inventory:

Jewellery
 l - a ring of willpower (left front leg)
Wands
 g - a wand of digging (3)
 h - a wand of roots (9)
Scrolls
 d - a scroll of enchant armour
 e - 3 scrolls of teleportation
 m - a scroll of identify
Potions
 a - a potion of might
 b - a potion of heal wounds
 c - 3 potions of curing
 f - 2 potions of brilliance
 i - a potion of attraction
 k - a potion of degeneration {unknown}


   Skills:
 - Level 1.0 Fighting
 - Level 3.4 Dodging
 - Level 3.0 Unarmed Combat
 + Level 3.4 Spellcasting
 + Level 3.6 Transmutations
 * Level 1.9 Ice Magic
 - Level 4.0 Poison Magic


You had 2 spell levels left.
You knew the following spells:

 Your Spells              Type           Power      Damage    Failure   Level
a - Ice Form              Ice/Tmut       13%        N/A       67%         4
b - Wereblood             Tmut           16%        N/A       16%         2
c - Spider Form           Tmut/Pois      16%        N/A       24%         3

Your spell library contained the following spells:

 Spells                   Type           Power      Damage    Failure   Level
 Beastly Appendage        Tmut           32%        N/A       12%         1
 Freeze                   Ice            40%        1d6       19%         1
 Passwall                 Tmut/Erth      7%         N/A       28%         2
 Sandblast                Erth           6%         2d5       34%         1
 Frozen Ramparts          Ice            20%        1d4       41%         3
 Olgreb's Toxic Radiance  Pois           17%        N/A       52%         4
 Stone Arrow              Conj/Erth      6%         3d7       65%         3
 Hailstorm                Conj/Ice       6%         3d4       87%         4
 Ozocubu's Refrigeration  Ice            5%         4d8       100%        7
 Ignition                 Fire           1%         3d3       100%        8


Dungeon Overview and Level Annotations

Branches:
Dungeon (5/15)
 Temple: D:4-7

Altars:
Hepliaklqana
Makhleb
Trog
Xom

Annotations:
D:2 1 runed translucent door, Crazy Yiuf


Innate Abilities, Weirdness & Mutations

You are a venomous arachnid creature.
You have poisonous fangs.
You are tiny and dextrous.
Your spellcasting is less reliable in this form.
Your armour is entirely melded.
You are incapable of wielding weapons or throwing items.
You cannot wear most types of armour.
((You are amphibious.))
You can wear up to eight rings at the same time.
((Your skin changes colour to match your surroundings (Stealth+).))
((Your rubbery body absorbs attacks. (AC +1, EV +1)))
((You are camouflaged when in or above water. (Stealth+)))
((You have tentacles for arms and can constrict up to eight enemies at once.))


Message History

Unknown command.
Found 13 gold pieces.
The iguana hisses angrily.
The iguana closely misses you.
You tentacle-slap the iguana. Your grab misses the iguana.
Your tentacle-slap misses the iguana.
The iguana is moderately wounded.
The iguana bites you!
Casting: Spider Form (dangerous; 10% risk of failure)
Confirm with . or Enter, or press ? or * to list all spells.
You turn into a venomous arachnid creature.
The iguana bites you!
Unknown command.
You hit the iguana but do no damage.
The iguana is poisoned.
The iguana is moderately wounded.
The iguana bites you!
* * * LOW HITPOINT WARNING * * *
You are too injured to fight recklessly!
You completely miss the iguana.
The iguana is moderately wounded.
The iguana misses you.
Unknown command.
You hit the iguana.
The iguana looks even sicker.
The iguana is moderately wounded.
The iguana bites you.
* * * LOW HITPOINT WARNING * * *
Your magical contamination has completely faded away.
Unknown command.
You feel much better. The iguana misses you.
You barely miss the iguana.
The iguana is heavily wounded.
The iguana closely misses you.
You hit the iguana.
The iguana is almost dead.
The iguana bites you!
* * * LOW HITPOINT WARNING * * *
You hit the iguana but do no damage.
The iguana looks as sick as possible!
The iguana is almost dead.
The iguana bites you!
You die...

....#.......#.# .
#...........#.. ..
#!..........# ...
#..........# ....
#.........# .....
#.......#
......#......#
......ls.....##
...?......>...##
.....#.........#####
#... #####.....)...#
#$. #........## .#
.. ##......## ...#
##.. #.....## ....##
#..# ##...##
......##..
#....#######


You could see an iguana (extremely poisoned).

Vanquished Creatures
  2 scorpions (D:4)
  A hound (D:5)
  An iguana (D:4)
  Natasha (thrice) (D:2)
  5 adders
  3 worms
  A dart slug (D:1)
  8 orcs
  6 ball pythons
  8 endoplasms
  5 giant cockroaches
  6 goblins
  9 hobgoblins
  A jackal (D:1)
  8 kobolds
  6 quokkas
  6 bats
  A frilled lizard (D:1)
  5 rats
85 creatures vanquished.

Vanquished Creatures (others)
  3 fungi (D:2)
3 creatures vanquished.

Grand Total: 88 creatures vanquished

Notes
Turn   | Place    | Note
-------+----------+-------------------------------------------
     0 | D:1      | ytrimaz the Octopode Transmuter began the quest for the
                  | Orb.
     0 | D:1      | Reached XP level 1. HP: 13/13 MP: 3/3
   503 | D:1      | Reached XP level 2. HP: 9/18 MP: 5/5
   696 | D:1      | HP: 1/27 [giant cockroach (2)]
  1632 | D:1      | Reached XP level 3. HP: 21/23 MP: 6/6
  1635 | D:1      | Learned a level 2 spell: Wereblood
  1639 | D:1      | Learned a level 3 spell: Spider Form
  1959 | D:2      | Noticed Natasha
  1966 | D:2      | Killed Natasha
  1967 | D:2      | Reached skill level 1 in Poison Magic
  2296 | D:2      | Reached XP level 4. HP: 28/28 MP: 7/7
  2458 | D:2      | Noticed Natasha
  2471 | D:2      | Killed Natasha
  2472 | D:2      | Reached skill level 2 in Poison Magic
  2811 | D:2      | Found a runed translucent door.
  2812 | D:2      | Noticed Crazy Yiuf
  2948 | D:2      | Noticed Natasha
  2956 | D:2      | Killed Natasha
  2957 | D:2      | Reached XP level 5. HP: 18/33 MP: 8/8
  3303 | D:2      | Reached skill level 3 in Poison Magic
  3640 | D:3      | Found a shimmering altar of Xom.
  4049 | D:3      | Found a bloodstained altar of Trog.
  4296 | D:3      | Found a hazy altar of Hepliaklqana.
  4470 | D:4      | Found a burning altar of Makhleb.
  4752 | D:4      | Reached skill level 4 in Poison Magic
  4752 | D:4      | Reached XP level 6. HP: 38/38 MP: 6/10
  4757 | D:4      | Learned a level 4 spell: Ice Form
  4933 | D:4      | Reached skill level 1 in Ice Magic
  5379 | D:4      | Identified a scroll of acquirement
  5379 | D:4      | Acquired 861 gold pieces
  5411 | D:5      | Entered Level 5 of the Dungeon
  5620 | D:5      | Slain by an iguana

Illustrated notes

Levels and vault maps discovered:
D:1:      eino_arrival_tree_alley, layout_rooms, serial_co_window_serial,
          co_window_corner_a, co_window_of_opportunity_a, co_window_paths_a,
          co_window_corner_a, co_window_corner_a, co_window_of_opportunity_a,
          co_window_of_opportunity_a, co_window_unsneaky_path_d,
          co_window_corner_ca, co_window_cross_4, co_window_broadway_c,
          co_window_4corner_b, glass_columns_b, glass_columns_c,
          glass_columns_b, glass_columns_a, glass_columns_b,
          minmay_fountain_box, minmay_tetromino_t4
D:2:      layout_basic, uniq_crazy_yiuf_cottage, uniq_natasha
D:3:      layout_loops_ring, lemuel_doored_altar, mainiacjoe_overflow_paths,
          mainiacjoe_overflow_catwalk, small_statue_intersection
D:4:      layout_loops_ring, amcnicky_altar_gilded
D:5:      layout_layer_cave, mainiacjoe_overflow_boulevard,
          general_overflow_altar

Skill      XL: |  1  2  3  4  5  6 |
---------------+-------------------+-----
Dodging        | 3 |  3.4
Poison Magic   | 1 2 4 |  4.0
Transmutations | 3 |  3.6
Spellcasting   | 3 |  3.4
Ice Magic      | 1 |  1.9
Fighting       | |  1.0
Unarmed Combat | |  3.0

Action                   |  1- 3 |  4- 6 || total
-------------------------+-------+-------++-------
Melee: Unarmed           |    65 |   171 ||   236
       Constrict         |    15 |    22 ||    37
       Tentacles         |    14 |    20 ||    34
       Kick              |     2 |     5 ||     7
       Punch             |     1 |     3 ||     4
 Cast: Beastly Appendage |    12 |     6 ||    18
       Spider Form       |       |    15 ||    15
  Use: Scroll            |     4 |     9 ||    13
       Potion            |     1 |     1 ||     2
 Stab: Sleeping          |     4 |     5 ||     9
Armor: Skin              |    20 |     7 ||    27
Dodge: Dodged            |    57 |   118 ||   175

Table legend: (Time is in decaauts)
 A = Elapsed time spent in this place.
 B = Non-inter-level travel time spent in this place.
 C = Inter-level travel time spent in this place.
 D = Time resting spent in this place.
 E = Time spent auto-exploring this place.
 F = Levels seen in this place.
 G = Mean time per level.
                   A        B        C        D        E       F      G
               +--------+--------+--------+--------+--------+-----+--------+
         Total |   5613 |   5485 |    128 |     15 |   4720 |   5 | 1122.6 |
       Dungeon |   5613 |   5485 |    128 |     15 |   4720 |   5 | 1122.6 |
               +--------+--------+--------+--------+--------+-----+--------+

Top non-repeatable levels by time:
     D:1: 1810 daAuts
     D:2: 1729 daAuts
     D:4: 936 daAuts
     D:3: 929 daAuts
     D:5: 208 daAuts
